 Dungeon Crawl Stone Soup version 0.24-a0-530-g18ba70b503 (webtiles) character file.

Game seed: 15658269131426060300

25338 BinkBink the Basher (level 12, -4/112 HPs)
             Began as a Deep Dwarf Fighter on Aug 7, 2019.
             Was a Follower of Trog.
             Killed from afar by an efreet (11 damage)
             ... with a fireball
             ... on level 11 of the Dungeon.
             The game lasted 00:41:28 (12081 turns).

BinkBink the Basher (Deep Dwarf Fighter)           Turns: 12081, Time: 00:41:29

Health: -4/112     AC: 18    Str: 22    XL:     12   Next: 88%
Magic:  0/0        EV: 13    Int: 10    God:    Trog [*.....]
Gold:   821        SH: 19    Dex: 17    Spells: 11/11 levels left

rFire    . . .     SeeInvis .   G - +2 flail (protect)
rCold    . . .     Gourm    .   V - +0 large shield
rNeg     . . .     Faith    .   b - +0 scale mail
rPois    +         Spirit   .   (no helmet)
rElec    .         Reflect  .   k - +2 cloak
rCorr    .         Harm     .   (no gloves)
MR       +++..                  (no boots)
Stlth    +.........             I - amulet of rage
HPRegen  1.00/turn              x - ring of poison resistance
MPRegen  0.07/turn              B - +3 ring of dexterity

@: protection aura, non-regenerating, studying Transmutations
A: damage resistance, heal wounds, sense surroundings 2, no regeneration
a: Heal Wounds, Berserk, Renounce Religion, Evoke Berserk Rage


You were on level 11 of the Dungeon.
You worshipped Trog.
Trog was aware of your devotion.
You were near starving.

You visited 3 branches of the dungeon, and saw 14 of its levels.
You also visited: Sewer.

You collected 821 gold pieces.

Inventory:

Hand Weapons
 a - a +0 flail
 F - a cursed -1 rapier
 G - a +2 flail of protection (weapon)
Armour
 b - a +0 scale mail (worn)
 k - a +2 cloak (worn)
 L - a +0 plate armour
 V - a +0 large shield (worn)
Jewellery
 x - a ring of poison resistance (left hand)
 B - a +3 ring of dexterity (right hand)
 I - an amulet of rage (around neck)
 N - an uncursed ring of protection from magic
 S - an uncursed amulet of magic regeneration
Wands
 l - a wand of polymorph (10)
 u - a wand of digging (16)
 M - a wand of random effects (28)
 O - a wand of iceblast (16)
 Q - a wand of flame (16)
Scrolls
 e - 5 scrolls of enchant weapon
 m - 9 scrolls of remove curse
 n - a scroll of amnesia
 p - 10 scrolls of teleportation
 q - a scroll of summoning
 t - 2 scrolls of immolation
 v - a scroll of fog
 y - 9 scrolls of enchant armour
 z - a scroll of magic mapping
 H - 2 scrolls of holy word
 P - a scroll of blinking
 R - a scroll of fear
 U - a scroll of silence
Potions
 d - 3 potions of might
 g - 5 potions of curing
 i - 2 potions of lignification {unknown}
 j - 2 potions of cancellation
 o - 3 potions of haste
 r - 8 potions of flight
 w - 5 potions of brilliance
 A - 2 potions of agility {unknown}
 C - 4 potions of heal wounds
 D - 3 potions of mutation
 E - a potion of magic
 J - a potion of degeneration {unknown}
 T - a potion of ambrosia {unknown}
Books
 K - a manual of Transmutations
Comestibles
 c - 8 chunks of flesh
 f - 27 rations


   Skills:
 + Level 8.9 Fighting
 + Level 12.9 Maces & Flails
 + Level 9.1 Armour
 + Level 8.4 Dodging
 + Level 1.6 Stealth
 + Level 12.0 Shields


You had 11 spell levels left.
You didn't know any spells.
Your spell library contained the following spells:

 Spells                   Type           Power        Failure   Level  Hunger
 Flame Tongue             Conj/Fire      #....        99%         1    ##.....
 Shock                    Conj/Air       #...         99%         1    ##.....
 Summon Butterflies       Summ           #.......     99%         1    ##.....
 Call Canine Familiar     Summ           #.......     100%        3    ####...
 Ignite Poison            Fire/Tmut/Pois #.......     100%        3    ####...
 Cause Fear               Hex            #.........   100%        4    #####..
 Petrify                  Tmut/Erth      #.......     100%        4    #####..
 Summon Ice Beast         Ice/Summ       #.......     100%        4    #####..
 Summon Mana Viper        Hex/Summ       #.......     100%        5    ######.
 Bolt of Fire             Conj/Fire      #.........   100%        6    #######
 Conjure Ball Lightning   Conj/Air       #.........   100%        6    #######
 Hydra Form               Tmut           #.........   100%        6    #######
 Dragon Form              Tmut           #.........   100%        7    #######
 Summon Hydra             Summ           #.........   100%        7    #######
 Dragon's Call            Summ           #.........   100%        9    #######


Dungeon Overview and Level Annotations

Branches:
Dungeon (11/15)            Temple (1/1) D:4            Lair (2/6) D:8
  Swamp (0/4) Lair:2        Snake (0/4) Lair:2          Orc (0/2) D:9

Altars:
Ashenzari
Cheibriados
Dithmenos
Elyvilon
Fedhas
Gozag
Hepliaklqana
Kikubaaqudgha
Makhleb
Nemelex Xobeh
Okawaru
Qazlal
Ru
Sif Muna
Trog
Uskayaw
Vehumet
Wu Jian
Xom
Yredelemnul
Zin
The Shining One

Annotations:
D:9 1 runed translucent door, anet's ghost, novice DEWz
D:10 2 transporters, Thargor's ghost, novice DEWz


Innate Abilities, Weirdness & Mutations

You are resistant to damage.
You can heal yourself by infusing magical energy.
You passively map the area around you.
You do not regenerate.


Message History

Your skin crawls.
You feel resistant to hostile enchantments.
You are near starving!
You can no longer call upon Trog for regeneration and magic resistance.
You block the efreet's attack.
You hit the efreet.
The efreet is almost dead.
Your shield and scale mail prevent you from hitting the efreet.
The efreet is almost dead.
You block the efreet's attack.
You hit the efreet but do no damage.
The efreet is almost dead.
The efreet gestures at you. The bolt of fire hits you!!
* * * LOW HITPOINT WARNING * * *
You hit the efreet but do no damage.
The efreet is almost dead.
The efreet gestures at you.
The fireball explodes!
The fireball engulfs you!
You die...

........##.....#..##
, , , *
###..[..#.....###..##
, * ..####..####.##
##..## **
.....#......## ##..##
* .....#.....##,,
##††##, *
.....#....##
###,.##..##,
.....#...##
##}##..##..## *
.....#..##
#(..R.."##..# , *
######...##
##(@##[##..## ,
..........##
##..###..##, *
...#######.##
##..#..## , * ...#
##.## ##...##, ,,
...# ##÷## ##.## ,,,
** #### ##.## ###,, *
##.## , *,, , ##.#* *
* ##.# *


You could see an efreet.

Vanquished Creatures
  Erica (D:9)
  4 hydras
  4 two-headed ogres
  A queen ant (Lair:2)
  The ghost of Thantalas the Geomancer, a novice GrEE of Vehumet (D:7)
  A manticore (D:11)
  An ugly thing (D:9)
  An oklob plant (Lair:1)
  A cyclops (D:11)
  3 black mambas
  2 spiny frogs
  A rime drake (Lair:1)
  2 komodo dragons
  Grinder (D:3)
  4 hippogriffs
  2 centaur simulacra (D:11)
  A shadow (D:9)
  A spriggan (D:7)
  3 wyverns
  19 yaks
  A hungry ghost (D:9)
  Edmund (D:6)
  2 swamp worms (Lair:2)
  The ghost of skumtomte the Conjurer, an amateur DECj (D:4)
  5 soldier ants (Lair:2)
  3 water moccasins
  6 porcupines
  6 ice beasts
  5 black bears
  3 sky beasts
  8 orc warriors
  2 necrophages
  4 phantoms
  6 centaurs
  6 ogres
  2 crocodiles (Lair:1)
  2 big kobolds
  12 bullfrogs
  3 scorpions
  2 wyvern skeletons (D:8)
  10 killer bees
  3 wights (D:7)
  5 howler monkeys
  A bullfrog zombie (D:6)
  5 crimson imps
  A quasit (D:9)
  8 hounds
  A jelly (D:9)
  5 orc priests
  A bullfrog skeleton (D:8)
  2 centaur skeletons
  7 iguanas
  13 orc wizards
  A merfolk siren (Sewer)
  10 worker ants
  A merfolk avatar (Sewer)
  2 hound skeletons
  3 worker ant zombies
  4 gnolls
  2 howler monkey skeletons (D:4)
  19 adders
  3 river rats (Sewer)
  A shadow imp (D:6)
  A white imp (D:11)
  A worker ant simulacrum (D:11)
  2 oozes
  An adder skeleton (D:6)
  2 dart slugs (D:1)
  11 leopard geckos
  47 orcs
  10 giant cockroaches
  4 goblins
  10 hobgoblins
  5 jackals
  15 kobolds
  5 quokkas
  8 ball pythons
  3 bats
  10 frilled lizards
  2 jackal skeletons
  A jackal zombie (D:8)
  A leopard gecko skeleton (D:9)
  A quokka skeleton (D:4)
  34 rats
  A fungus (D:8)
  A plant (Lair:2)
418 creatures vanquished.

Vanquished Creatures (others)
  An orc wizard (D:9)
  An orc (D:4)
  16 fungi
  6 plants (D:8)
24 creatures vanquished.

Grand Total: 442 creatures vanquished

Notes
Turn   | Place    | Note
-------+----------+-------------------------------------------
     0 | D:1      | BinkBink the Deep Dwarf Fighter began the quest for the
                  | Orb.
     0 | D:1      | Reached XP level 1. HP: 20/20 MP: 1/1
   250 | D:1      | Reached XP level 2. HP: 25/27 MP: 2/2
   692 | D:2      | Reached XP level 3. HP: 24/34 MP: 3/3
   768 | D:2      | Noticed a +0 hand axe
   768 | D:2      | Noticed a +0 dagger
   772 | D:2      | Found a hide-covered altar of Uskayaw.
  1030 | D:2      | Reached XP level 4. HP: 29/42 MP: 4/4
  1080 | D:2      | Found an opulent altar of Gozag.
  1103 | D:2      | Reached skill level 1 in Dodging
  1583 | D:3      | Found a glowing drain.
  1597 | Sewer    | Entered a sewer
  1741 | Sewer    | Reached XP level 5. HP: 16/49 MP: 5/5
  1998 | D:3      | Found an iron altar of Okawaru.
  2130 | D:3      | Noticed Grinder
  2159 | D:3      | Paralysed by Grinder for 6 turns
  2170 | D:3      | Killed Grinder
  2170 | D:3      | Reached skill level 5 in Shields
  2170 | D:3      | Reached XP level 6. HP: 28/56 MP: 6/6
  2415 | D:4      | Found a staircase to the Ecumenical Temple.
  2449 | D:4      | Reached XP level 7. HP: 45/63 MP: 7/7
  2470 | D:4      | Found an ancient bone altar of Kikubaaqudgha.
  2470 | D:4      | Found a stormy altar of Qazlal.
  2541 | D:4      | Reached skill level 5 in Maces & Flails
  2552 | D:4      | Found a transporter.
  2575 | D:4      | Found a transporter.
  2578 | D:4      | Noticed skumtomte's ghost (amateur DECj)
  2915 | D:5      | Entered Level 5 of the Dungeon
  3128 | D:5      | Reached XP level 8. HP: 51/72 MP: 8/8
  3228 | D:5      | Got a slimy leather armour
  3863 | D:6      | Reached skill level 5 in Armour
  3895 | D:6      | Noticed Edmund
  3973 | D:6      | Killed Edmund
  4259 | D:6      | Identified the +1 leather armour of Philately {Regen+} (You
                  | found it on level 5 of the Dungeon)
  4346 | D:6      | Gained mutation: You passively map the area around you.
                  | [Deep Dwarf growth]
  4346 | D:6      | Reached XP level 9. HP: 47/80 MP: 9/9
  4809 | D:7      | Reached skill level 5 in Fighting
  4911 | D:7      | Reached skill level 1 in Stealth
  5056 | D:7      | Found a runed translucent gate.
  5058 | D:7      | Found a runed translucent gate.
  5060 | D:7      | Found a runed translucent gate.
  5060 | D:7      | Noticed Thantalas's ghost (novice GrEE)
  5640 | D:8      | Found a staircase to the Lair.
  5641 | D:8      | Noticed a two-headed ogre
  5647 | D:8      | Reached skill level 5 in Dodging
  5718 | D:8      | Killed a two-headed ogre
  5718 | D:8      | Reached XP level 10. HP: 47/91 MP: 8/8
  5806 | D:8      | Noticed an eight-headed hydra
  5836 | D:8      | Killed an eight-headed hydra
  6244 | D:8      | Noticed a two-headed ogre
  6259 | D:8      | Killed a two-headed ogre
  6259 | D:8      | Reached skill level 10 in Maces & Flails
  6617 | D:9      | Found a staircase to the Orcish Mines.
  6801 | D:9      | Noticed a two-headed ogre
  6816 | D:9      | Killed a two-headed ogre
  6831 | D:9      | Noticed a two-headed ogre
  6841 | D:9      | Killed a two-headed ogre
  6841 | D:9      | Reached XP level 11. HP: 56/99 MP: 6/6
  6895 | D:9      | Found a runed translucent door.
  6899 | D:9      | Noticed anet's ghost (novice DEWz)
  7187 | D:9      | Found a runed translucent door.
  7214 | D:9      | Noticed Erica
  7270 | D:9      | Killed Erica
  7448 | D:9      | Found a runed translucent door.
  8036 | D:4      | Killed skumtomte's ghost
  8036 | D:4      | Reached skill level 10 in Shields
  8155 | D:7      | Killed Thantalas's ghost
  8319 | D:9      | Noticed a white ugly thing
  8336 | D:9      | Killed a white ugly thing
  8508 | D:10     | Entered Level 10 of the Dungeon
  8691 | Temple   | Entered the Ecumenical Temple
  8701 | Temple   | Became a worshipper of Trog the Wrathful
  8811 | D:10     | Found a transporter.
  8811 | D:10     | Noticed a deep troll earth mage
  8902 | D:10     | Found a sacrificial altar of Ru.
  8926 | D:10     | Found a transporter.
  8929 | D:10     | Noticed Thargor's ghost (novice DEWz)
  9462 | Lair:1   | Entered Level 1 of the Lair of Beasts
  9542 | Lair:1   | Reached * piety under Trog
  9701 | Lair:1   | Found a deep blue altar of Sif Muna.
  9701 | Lair:1   | Noticed an oklob plant
  9743 | Lair:1   | Identified the Reference Book on Transmutation and the
                  | Birds
  9808 | Lair:1   | Reached XP level 12. HP: 73/109 MP: 5/5
 10013 | Lair:1   | Noticed a five-headed hydra
 10057 | Lair:1   | Killed a five-headed hydra
 10368 | Lair:2   | Noticed an eight-headed hydra
 10416 | Lair:1   | Killed an eight-headed hydra
 10573 | Lair:2   | Found a staircase to the Snake Pit.
 10724 | Lair:2   | Noticed a queen ant
 10741 | Lair:2   | Killed a queen ant
 10757 | Lair:2   | Reached ** piety under Trog
 11330 | Lair:2   | Noticed a five-headed hydra
 11359 | Lair:2   | Killed a five-headed hydra
 11456 | Lair:2   | Found a staircase to the Swamp.
 12081 | D:11     | Killed from afar by an efreet

Levels and vault maps discovered:
D:1:      lightli_arrival_chessboard, layout_basic
D:2:      layout_loops_ring, dancing_weapons_uskayaw, first_ration,
          serial_rivers, chequers_serial_rivers_room_b,
          chequers_serial_rivers_small_a, chequers_serial_rivers_micro_c,
          chequers_serial_rivers_room_b, grunt_gozag_breadcrumbs
D:3:      layout_rooms, gup_sewer_entry_pipe, okawaru_trees_2, uniq_grinder
D:4:      layout_gridville, chequers_temple_overflow_statue_of_worship,
          minmay_temple_entry_arrows, gammafunk_ghost_arena
D:5:      layout_gridville
D:6:      layout_basic, minmay_misc_feat_nine_boxes, uniq_edmund
D:7:      layout_loops_ring, ebering_ghost_rock_garden, the_bakery,
          grunt_ministairs_15
D:8:      layout_cave_pods, due_lair_maze_entry_diamond, minmay_manual_mail
D:9:      cheibrodos_histonic, layout_stronghold, david_orc_2,
          gammafunk_ghost_grave, uniq_erica
D:10:     layout_irregular_city, gammafunk_ghost_arena,
          nicolae_ru_the_path_less_chosen
D:11:     layout_irregular_city, serial_ice, serial_ice_e, serial_ice_i,
          serial_ice_h, serial_ice_g, serial_ice_n, serial_ice_b, serial_ice_d,
          serial_ice_m, serial_ice_c, serial_ice_a, portal_ice_cave_rime,
          minivault_14, minmay_diamond_spiral, uniq_nergalle, uniq_snorg
Temple:   nicolae_temple_no_exploring_needed
Lair:1:   layout_regular_city, serial_bayou_pond_c,
          cheibrodos_lair_caveside_slide, lemuel_oklob_altar, grunt_megastairs_1
Lair:2:   layout_concentric_octagons, palyth_hydra_swamp_entry,
          dummy_snake_entry, wad_woods_antlair

Skill      XL: |  1  2  3  4  5  6  7  8  9 10 11 12 |
---------------+-------------------------------------+-----
Fighting       | 3 4 5 6 7 8 |  8.9
Maces & Flails | 3 4 6 7 9 10 11 12 | 12.9
Shields        | 4 5 6 7 8 9 10 12 | 12.0
Dodging        | 1 2 3 5 6 7 8 |  8.4
Armour         | 4 5 6 7 8 9 |  9.1
Stealth        | 1 |  1.6

Action                   |  1- 3 |  4- 6 |  7- 9 | 10-12 || total
-------------------------+-------+-------+-------+-------++-------
Melee: Flail             |   108 |   303 |   570 |  1251 ||  2232
Invok: Trog's Hand       |       |       |       |    10 ||    10
 Abil: Heal Wounds       |       |     4 |    15 |    33 ||    52
  Use: Scroll            |       |       |       |    18 ||    18
       Potion            |       |       |       |     2 ||     2
  Eat: Chunk             |       |     6 |    11 |    16 ||    33
       Ration            |       |       |       |     3 ||     3
Armor: Scale mail        |    41 |   162 |   173 |   350 ||   726
Dodge: Dodged            |    31 |   142 |   180 |   528 ||   881
Block: Shield            |    54 |   188 |   289 |   679 ||  1210
       Large shield      |       |       |       |   168 ||   168

Table legend:
 A = Non-vault XP
 B = Vault XP
 C = Vault XP percentage of total XP
 D = Non-vault monster count
 E = Vault monster count
 F = Vault count percentage of total count
                 A         B        C        D         E       F
            +---------+---------+-------+---------+---------+-------
      Total |   21158 |   15040 |  41.5 |     286 |     131 |  31.4
            +---------+---------+-------+---------+---------+-------
        D:1 |      36 |       0 |   0.0 |      20 |       0 |   0.0
        D:2 |      75 |       0 |   0.0 |      21 |       0 |   0.0
        D:3 |     104 |     277 |  72.7 |      22 |       7 |  24.1
        D:4 |     417 |     311 |  42.7 |      13 |       3 |  18.8
        D:5 |     792 |       0 |   0.0 |      23 |       0 |   0.0
        D:6 |    1140 |     162 |  12.4 |      31 |       1 |   3.1
        D:7 |     968 |    1221 |  55.8 |      27 |       4 |  12.9
        D:8 |    2227 |    2359 |  51.4 |      15 |      14 |  48.3
        D:9 |    4420 |    2679 |  37.7 |      40 |      27 |  40.3
       D:10 |    1897 |       0 |   0.0 |      31 |       0 |   0.0
       D:11 |    1840 |    2679 |  59.3 |      13 |      12 |  48.0
     Lair:1 |    4385 |    1536 |  25.9 |      17 |       2 |  10.5
     Lair:2 |    2857 |    3643 |  56.0 |      13 |      18 |  58.1
      Sewer |       0 |     173 | 100.0 |       0 |      43 | 100.0
            +---------+---------+-------+---------+---------+-------
